 Dungeon Crawl Stone Soup version 0.31-a0-865-g3d5d91748a (webtiles) character file.

Game seed: 11687544395454104901

116 MackTheKnife the Ruffian (level 4, -1/41 HPs)
             Began as a Draconian Chaos Knight on Oct 10, 2023.
             Was a Plaything of Xom.
             Slain by a kobold brigand
             ... wielding a +3 whip of pain
              (6 damage)
             ... in a sewer.
             The game lasted 00:03:28 (1856 turns).

MackTheKnife the Ruffian (Draconian Chaos Knight)   Turns: 1856, Time: 00:03:29

Health: -1/41      AC:  7    Str: 14 (15) XL:     4   Next: 69%
Magic:  4/4        EV: 12    Int: 12      God:    Xom [......]
Gold:   16         SH:  0    Dex: 12      Spells: 3/3 levels left

rFire   . .          .
                       - Unarmed
rCold   . . .        (no shield)
rNeg    . . .        (body armour unavailable)
rPois   .            a - +2 hood of the Assassin {Detect Stab+ Stlth++}
rElec   .            (no cloak)
rCorr   .            (no gloves)
SInv    .            (no boots)
Will    +....        (no amulet)
Stlth   +++          c - ring of willpower
HPRegen 0.26/turn    (no ring)
MPRegen 0.09/turn

%: no passive effects
@: no status effects
A: AC +5, unfitting armour, cold-blooded
a: Renounce Religion


You were in a sewer.
You worshipped Xom.
You were a very special plaything of Xom.
You visited 1 branch of the dungeon, and saw 3 of its levels.
You also visited: Sewer.

You collected 70 gold pieces.
You spent 54 gold pieces at shops.


Innate Abilities, Weirdness & Mutations

Your plain brown scales are hard. (AC +5)
You cannot fit into any form of body armour.
You are cold-blooded and may be slowed by cold attacks.


   Skills:
 - Level 4.4 Fighting
 - Level 2.1 Dodging
 + Level 4.8 Unarmed Combat


You had 3 spell levels left.
You didn't know any spells.
Your spell library was empty.

Inventory:

Armour
 a - the +2 hood of the Assassin (worn) {Detect Stab+ Stlth++}
   (You acquired it on level 3 of the Dungeon)

   Detect:    It allows the wearer to sense nearby creatures.
   Stab+:     It allows the wearer to make particularly effective stabbing
   attacks against helpless or unaware enemies with any weapon.
   Stlth++:   It makes you much more stealthy.
Jewellery
 c - a ring of willpower (left hand)
   (You found it on level 1 of the Dungeon)
Scrolls
 j - a scroll of amnesia {unknown}
 k - a scroll of blinking {unknown}
Potions
 b - a potion of cancellation {unknown}
 d - a potion of lignification {unknown}
 f - 2 potions of attraction {unknown}
 g - 3 potions of haste {unknown}
 l - a potion of mutation {unknown}

Dungeon Overview and Level Annotations

Branches:
Dungeon (3/15) Zot: 16211   Sewer (1/1) Zot: 5934

Altars:

Shops:
D:2 * D:3

[
#......#~≈~~~~
#......#~≈~~~
#......#~≈~#
#....~†#~~~#
##..P~P#~≈~#
##...~~~~≈~#
#....†~~~≈~#
###...P#~≈~#
#..K@#~≈~#
##'K##~~~#
#....#~≈~#
#....#~≈~#
#..∩.#~≈~#{
#.!?.#~≈~#
######~≈~#
#...'~~~#
#∩∩.#~≈~#


You could see 2 kobold brigands.


Message History

The bat hits you but does no damage. The adder bites you but does no damage.
You hit the adder. The bat hits you. The adder misses you. 😕 HP[-1]
You take 1 damage, and now have 40/41 hp.
You closely miss the adder. The adder bites you.
The bat hits you but does no damage.
The adder bites you but does no damage. 😕 HP[-2]
You take 2 damage, and now have 38/41 hp.
You closely miss the adder. The bat hits you but does no damage.
The adder barely misses you.
You punch the adder!
You kill the adder!
The bat closely misses you.
You hit the bat.
You kill the bat!
No target in view!
No target in view!
No target in view!
No target in view!
You sense a monster nearby. 😎 HP[+3]
Your hp is fully restored (41).
As you open the large door, it creaks loudly! 2 kobold brigands and a kobold come into view.
A kobold brigand is wielding a +0 short sword and quivering poisoned darts.
A kobold brigand is wielding a +3 whip of pain and quivering poisoned darts.
The kobold brigand shouts! x2 "Forecast: mostly cloudy."
The kobold shouts!
Found a scroll of acquirement and an inky potion.
Found a gate leading back out of this place.
Unknown command.
Xom's malign attention turns to you for a moment.
You feel weakened.
The kobold brigand attacks as it pursues you!
The kobold brigand hits you but does no damage.
Unknown command.
You punch the kobold brigand!
The kobold brigand is engulfed in seething chaos.
The kobold brigand closely misses you.
The kobold brigand hits you with a +0 short sword. 😕 HP[-2]
You take 2 damage, and now have 39/41 hp.
You hit the kobold brigand.
The kobold brigand is engulfed in seething chaos.
The kobold brigand closely misses you.
The kobold brigand hits you but does no damage.
Unknown command.
You barely miss the kobold brigand.
The kobold brigand is engulfed in seething chaos.
The kobold brigand hits you with a +3 whip of pain.
You writhe in agony.
The kobold brigand hits you but does no damage. 😕 HP[-6]
You take 6 damage, and now have 33/41 hp.
Unknown command.
You hit the kobold brigand.
Your tail-slap misses the kobold brigand.
The kobold brigand is engulfed in seething chaos.
The kobold brigand suddenly seems more agile.
The kobold brigand closely misses you.
The kobold brigand hits you with a +0 short sword.
Unknown command.
You barely miss the kobold brigand.
Unknown command.
You closely miss the kobold brigand. Your punch misses the kobold brigand.
The kobold brigand is engulfed in seething chaos.
The kobold brigand is moving more slowly.
Xom is amused.
The kobold brigand hits you with a +3 whip of pain!
You writhe in agony.
The kobold brigand hits you but does no damage. 😮 HP[-11]
You take 11 damage, and now have 22/41 hp.
MASSIVE DAMAGE!! (PAUSE)
You hit the kobold brigand but do no damage.
The kobold brigand is engulfed in seething chaos.
The kobold brigand seems to slow down.
Xom thinks this is hilarious!
The kobold brigand hits you with a +3 whip of pain!
* * * LOW HITPOINT WARNING * * *
The kobold brigand barely misses you.
Unknown command. 😨 HP[-8]
You take 8 damage, and now have 14/41 hp.
Unknown command.
You hit the kobold brigand. You tail-slap the kobold brigand.
The kobold brigand is no longer moving slowly.
The kobold brigand hits you but does no damage.
The kobold brigand is engulfed in seething chaos.
The kobold brigand hits you with a +3 whip of pain!
* * * LOW HITPOINT WARNING * * *
😱 HP[-9]
You take 9 damage, and now have 5/41 hp.
MASSIVE DAMAGE!! (PAUSE)
You barely miss the kobold brigand. The kobold brigand closely misses you.
The kobold brigand is engulfed in seething chaos.
The kobold brigand seems to grow stronger.
The kobold brigand hits you with a +3 whip of pain.
You die...
Xom howls with laughter!

Skill      XL: |  1  2  3 |
---------------+----------+-----
Fighting       | 4 |  4.4
Unarmed Combat | 4 |  4.8
Dodging        | |  2.1

Action                     |  1- 3 |  4- 6 || total
---------------------------+-------+-------++-------
  Melee: Unarmed           |   144 |    64 ||   208
         Tailslap          |    12 |     7 ||    19
         Punch             |       |     2 ||     2
    Use: Scroll            |       |     5 ||     5
   Stab: Sleeping          |       |     4 ||     4
 Armour: Skin              |    73 |    45 ||   118
  Dodge: Dodged            |    87 |    31 ||   118

Levels and vault maps discovered:
D:1:      roderic_octagonal_star, layout_loops_ring, serial_forest,
          infiniplex_forest_end_2, infiniplex_forest_lined_ring,
          infiniplex_forest_clump_small, infiniplex_forest_clump_medium,
          infiniplex_forest_clump_cross, infiniplex_forest_clump_double
D:2:      layout_loops_ring, serial_shops, nicolae_book_shop_shelving, shop,
          shop, nicolae_shop_bloodbath_and_beyond, minmay_crystal_room,
          kennysheep_nondescript
D:3:      layout_basic, old_standard_altar,
          hellmonk_ecumenical_altar_leap_of_faith, serial_shops, shop, shop,
          shop, gup_sewer_entry_bowl
Sewer:    kennysheep_pipe_town

Notes
Turn   | Place    | Note
-------+----------+-------------------------------------------
     0 | D:1      | MackTheKnife the Draconian Chaos Knight began the quest for
                  | the Orb.
     0 | D:1      | Reached XP level 1. HP: 19/19 MP: 1/1
     0 | D:1      | magus.rc [v1.9.6]
    56 | D:1      | XOM: silly message
    86 | D:1      | XOM: silly message
   102 | D:1      | XOM: divination: detect creatures
   110 | D:1      | Reached XP level 2. HP: 16/26 MP: 2/2
   589 | D:1      | XOM: divination: magic mapping
   709 | D:1      | XOM: silly message
   797 | D:2      | Reached skill level 4 in Fighting
   797 | D:2      | Reached XP level 3. HP: 23/33 MP: 3/3
   881 | D:2      | XOM: silly message
   990 | D:2      | Found Ustreol's Assorted Antiques.
  1002 | D:2      | Bought a scroll labelled DOKOUK RINAPULA for 18 gold pieces
  1002 | D:2      | Bought a scroll labelled GOIXAU ASIPLOUHIL for 18 gold
                  | pieces
  1002 | D:2      | Bought a scroll labelled XAUKOOQ LEMABO for 18 gold pieces
  1158 | D:2      | Reached skill level 4 in Unarmed Combat
  1172 | D:2      | HP: 8/34 [poisoned by a kobold]
  1228 | D:2      | XOM is BORED!
  1228 | D:2      | XOM: silly message
  1303 | D:2      | HP: 7/34 [gnoll/+0 spear (7)]
  1305 | D:2      | Reached XP level 4. HP: 8/41 MP: 4/4
  1318 | D:2      | XOM: enchant monster (bad)
  1336 | D:2      | XOM: stat loss: -1 Int (11/12)
  1357 | D:2      | XOM: silly message
  1440 | D:2      | XOM: summons 3 hostile demons
  1441 | D:2      | Noticed an ice devil
  1450 | D:2      | HP: 6/41 [iron imp[Xom] (7)]
  1524 | D:3      | Acquired the +2 hood of the Assassin {Detect Stab+ Stlth++}
  1524 | D:3      | Found the +2 hood of the Assassin {Detect Stab+ Stlth++}
  1603 | D:3      | Found Bakhech's Antique Armour Emporium.
  1794 | D:3      | Found a glowing drain.
  1798 | Sewer    | Entered a sewer
  1846 | Sewer    | Noticed a kobold brigand
  1846 | Sewer    | Noticed a kobold brigand
  1846 | Sewer    | XOM: chaos cloud
  1847 | Sewer    | XOM: stat loss: -1 Str (14/15)
  1855 | Sewer    | HP: 5/41 [kobold brigand/+3 whip of pain (10)]
  1856 | Sewer    | Slain by a kobold brigand

Vanquished Creatures
  3 gnolls (D:2)
  4 adders
  2 worms
  6 bats
  An endoplasm (D:3)
  3 giant cockroaches (D:3)
  7 hobgoblins
  3 jackals (D:1)
  A quokka (D:2)
  2 ball pythons
  3 frilled lizards
  5 kobolds
  6 rats
46 creatures vanquished.

Table legend:
 A = Non-vault XP
 B = Vault XP
 C = Vault XP percentage of total XP
 D = Non-vault monster count
 E = Vault monster count
 F = Vault count percentage of total count
                 A         B        C        D         E       F
            +---------+---------+-------+---------+---------+-------
      Total |     142 |      24 |  14.5 |      39 |       7 |  15.2
            +---------+---------+-------+---------+---------+-------
        D:1 |      32 |       0 |   0.0 |      20 |       0 |   0.0
        D:2 |      83 |       0 |   0.0 |      11 |       0 |   0.0
        D:3 |      27 |       6 |  18.2 |       8 |       3 |  27.3
      Sewer |       0 |      18 | 100.0 |       0 |       4 | 100.0
            +---------+---------+-------+---------+---------+-------

Skill      XL: |  1  2  3 |
---------------+----------+-----
Fighting       | 4 |  4.4
Unarmed Combat | 4 |  4.8
Dodging        | |  2.1

Action                     |  1- 3 |  4- 6 || total
---------------------------+-------+-------++-------
  Melee: Unarmed           |   144 |    64 ||   208
         Tailslap          |    12 |     7 ||    19
         Punch             |       |     2 ||     2
    Use: Scroll            |       |     5 ||     5
   Stab: Sleeping          |       |     4 ||     4
 Armour: Skin              |    73 |    45 ||   118
  Dodge: Dodged            |    87 |    31 ||   118

Illustrated notes

Table legend:
 A = Kills in this place as a percentage of kills in the entire game.
 B = Kills by you in this place as a percentage of kills by you in the entire game.
 C = Kills by friends in this place as a percentage of kills by friends in the entire game.
 D = Other kills in this place as a percentage of other kills in the entire game.
 E = Experience gained in this place as a percentage of experience gained in the entire game.
 F = Experience gained in this place divided by the number of levels of this place that you have seen.
                   A       B       C       D       E      F
               +-------+-------+-------+-------+-------+----------------------
         Total | 100.0 | 100.0 |   N/A |   N/A | 100.0 |  41.5
       Dungeon |  91.3 |  91.3 |   N/A |   N/A |  89.2 |  49.3
         Sewer |   8.7 |   8.7 |   N/A |   N/A |  10.8 |  18.0
               +-------+-------+-------+-------+-------+----------------------

Table legend: (Time is in decaauts)
 A = Elapsed time spent in this place.
 B = Non-inter-level travel time spent in this place.
 C = Inter-level travel time spent in this place.
 D = Time resting spent in this place.
 E = Time spent auto-exploring this place.
 F = Levels seen in this place.
 G = Mean time per level.
                   A        B        C        D        E       F      G
               +--------+--------+--------+--------+--------+-----+--------+
         Total |   1853 |   1815 |     38 |    194 |   1072 |   4 |  463.2 |
       Dungeon |   1789 |   1751 |     38 |    194 |   1046 |   3 |  596.3 |
         Sewer |     64 |     64 |      0 |      0 |     26 |   1 |   64.0 |
               +--------+--------+--------+--------+--------+-----+--------+

Top non-repeatable levels by time:
     D:1: 826 daAuts
     D:2: 676 daAuts
     D:3: 286 daAuts
   Sewer: 64 daAuts
